 Dungeon Crawl Stone Soup version 0.23.2-30-g0e89c35649 (webtiles) character file.

Game seed: 14005915201985902703

276602 Hanswurst the Executioner (level 20, -16/193 HPs)
             Began as a Hill Orc Gladiator on June 15, 2019.
             Was the Champion of Wu Jian.
             Demolished by a juggernaut simulacrum (52 damage)
             ... led by a necromancer
             ... on level 1 of the Depths on June 18, 2019.
             The game lasted 09:28:13 (63600 turns).

Hanswurst the Executioner (Hill Orc Gladiator)     Turns: 63600, Time: 09:28:13

Health: -16/193    AC: 32    Str: 31    XL:     20   Next: 78%
Magic:  22/22      EV: 23    Int:  8    God:    Wu Jian [******]
Gold:   2486       SH: 17    Dex: 25    Spells: 19/19 levels left

rFire    . . .     SeeInvis .   h - +2 broad axe "Jookatehe" {vamp, rN+ Str+3}
rCold    . . .     Gourm    .   A - +0 shield {reflect} (curse)
rNeg     + . .     Faith    .   y - +5 plate armour {rF+}
rPois    .         Spirit   .   Y - +1 hat {MR+}
rElec    .         Reflect  +   T - +2 cloak
rCorr    .         Harm     .   S - +2 pair of gloves
MR       ++...                  a - +0 pair of boots of the Everdark {Dex+7 Stlth-}
Stlth    ..........             p - amulet "Caom" {Acrobat rF- Str+2 Dex+6}
HPRegen  0.42/turn              E - +5 ring of evasion
MPRegen  0.18/turn              G - +5 ring of evasion

@: lightly drained
A: no striking features
}: 1/15 runes: serpentine
a: Wall Jump, Serpent's Lash, Heavenly Storm, Renounce Religion


You were on level 1 of the Depths.
You worshipped Wu Jian.
Wu Jian was exalted by your worship.
You were hungry.

You visited 8 branches of the dungeon, and saw 36 of its levels.
You also visited: Ice Cave and Wizlab.

You collected 4335 gold pieces.
You spent 1849 gold pieces at shops.

Inventory:

Hand Weapons
 b - the +3 flail "Cuasec" {venom, Dex+3}
   (You found it on level 6 of the Dungeon)

   It poisons the flesh of those it strikes.
   It affects your dexterity (+3).
 g - the +6 morningstar "Rummage" {crush, Str+4 Dex+2}
   (You took it off a crimson imp on level 1 of the Depths)

   It inflicts extra damage upon your enemies.
   It affects your strength (+4).
   It affects your dexterity (+2).
 h - the +2 broad axe "Jookatehe" (weapon) {vamp, rN+ Str+3}
   (You bought it in a shop on level 6 of the Dungeon)

   It inflicts no extra harm, but heals its wielder when it wounds a living foe.
   It affects your strength (+3).
   It protects you from negative energy.
 u - a +3 hand axe
 J - the +3 hunting sling of Fumm {freeze, +Blink rF+ Dex+3}
   (You took it off a crimson imp on level 1 of the Depths)

   It causes projectiles fired from it to freeze those they strike, causing
   extra injury to most foes and up to half again as much damage against
   particularly susceptible opponents.
   They can also slow down cold-blooded creatures.
   It affects your dexterity (+3).
   It protects you from fire.
   It lets you blink.
 N - a +2 scimitar of flaming
Missiles
 n - 23 tomahawks (quivered)
 B - 3 javelins of penetration
Armour
 a - the +0 pair of boots of the Everdark (worn) {Dex+7 Stlth-}
   (You acquired it on level 9 of the Dungeon)

   It affects your dexterity (+7).
   It makes you less stealthy.
 d - a +3 chain mail of poison resistance
 y - a +5 plate armour of fire resistance (worn)
 A - a cursed +0 shield of reflection (worn)
 S - a +2 pair of gloves (worn)
 T - a +2 cloak (worn)
 Y - a +1 hat of magic resistance (worn)
Jewellery
 k - the ring of Hospitality {rF+ Int+4 Stlth+}
   (You found it in a wizard's laboratory)

   [ring of protection from fire]

   It affects your intelligence (+4).
   It protects you from fire.
   It makes you more stealthy.
 p - the amulet "Caom" (around neck) {Acrobat rF- Str+2 Dex+6}
   (You took it off a kobold demonologist on level 13 of the Dungeon)

   [amulet of the acrobat]

   It helps you evade while moving and waiting.
   It affects your strength (+2).
   It affects your dexterity (+6).
   It makes you vulnerable to fire.
 E - a +5 ring of evasion (left hand)
 G - a +5 ring of evasion (right hand)
 M - an uncursed ring of resist corrosion
Wands
 i - a wand of iceblast (32)
 F - a wand of paralysis (13)
 H - a wand of scattershot (14)
 U - a wand of acid (12)
Scrolls
 j - 6 scrolls of fog
 m - 12 scrolls of remove curse
 o - 4 scrolls of fear
 v - 5 scrolls of identify
 x - 5 scrolls of blinking
 D - 4 scrolls of magic mapping
 K - 3 scrolls of holy word
 L - 3 scrolls of enchant armour
 V - 7 scrolls of summoning
 X - 6 scrolls of teleportation
Potions
 c - 2 potions of haste
 e - a potion of heal wounds
 r - 3 potions of might
 s - a potion of resistance
 t - a potion of ambrosia
 C - 5 potions of brilliance
 I - 2 potions of berserk rage
 O - 2 potions of cancellation
 P - 2 potions of flight
 R - 2 potions of agility
 Z - 3 potions of curing
Miscellaneous
 l - a fan of gales
 q - 2 boxes of beasts
 w - a phantom mirror
 z - a lightning rod (4/4)
 W - a phial of floods
Comestibles
 f - 39 rations


   Skills:
 + Level 20.2(20.1) Fighting
 - Level 0.5(0.3) Long Blades
 + Level 23.6(23.5) Axes
 + Level 2.4(14.0) Maces & Flails
 + Level 6.5(6.3) Throwing
 + Level 16.0(15.9) Armour
 + Level 5.8(5.6) Dodging
 + Level 4.0(3.9) Stealth
 + Level 18.1(17.9) Shields
 + Level 3.1(3.0) Evocations


You had 19 spell levels left.
You didn't know any spells.
Your spell library contained the following spells:

 Spells                   Type           Power        Failure   Level  Hunger
 Animate Skeleton         Necr           N/A          91%         1    ##.....
 Apportation              Tloc           #.....       91%         1    ##.....
 Confusing Touch          Hex            #.....       91%         1    ##.....
 Corona                   Hex            #......      91%         1    ##.....
 Flame Tongue             Conj/Fire      #....        91%         1    ##.....
 Freeze                   Ice            #...         91%         1    ##.....
 Magic Dart               Conj           #...         91%         1    ##.....
 Pain                     Necr           #...         91%         1    ##.....
 Sandblast                Erth           #.....       91%         1    ##.....
 Summon Butterflies       Summ           #.......     91%         1    ##.....
 Summon Small Mammal      Summ           #...         91%         1    ##.....
 Blink                    Tloc           N/A          97%         2    ###....
 Call Imp                 Summ           #.......     97%         2    ###....
 Ensorcelled Hibernation  Hex/Ice        #.....       97%         2    ###....
 Passwall                 Tmut/Erth      #.......     97%         2    ###....
 Slow                     Hex            #.......     97%         2    ###....
 Throw Flame              Conj/Fire      #.....       97%         2    ###....
 Throw Frost              Conj/Ice       #.....       97%         2    ###....
 Call Canine Familiar     Summ           #.......     99%         3    ####...
 Confuse                  Hex            #.......     99%         3    ####...
 Conjure Flame            Conj/Fire      #.......     99%         3    ####...
 Dazzling Spray           Conj/Hex       #.....       99%         3    ####...
 Ignite Poison            Fire/Tmut/Pois #.......     99%         3    ####...
 Inner Flame              Hex/Fire       #.......     99%         3    ####...
 Lesser Beckoning         Tloc           #.........   99%         3    ####...
 Mephitic Cloud           Conj/Pois/Air  #.......     99%         3    ####...
 Ozocubu's Armour         Chrm/Ice       #.......     99%         3    ####...
 Recall                   Summ/Tloc      N/A          99%         3    ####...
 Regeneration             Chrm/Necr      #.........   99%         3    ####...
 Spider Form              Tmut/Pois      #.........   99%         3    ####...
 Stone Arrow              Conj/Erth      #.....       99%         3    ####...
 Summon Guardian Golem    Hex/Summ       #.......     99%         3    ####...
 Tukima's Dance           Hex            #.......     99%         3    ####...
 Animate Dead             Necr           N/A          100%        4    #####..
 Petrify                  Tmut/Erth      #.......     100%        4    #####..
 Sticky Flame             Conj/Fire      #.......     100%        4    #####..
 Summon Ice Beast         Ice/Summ       #.......     100%        4    #####..
 Summon Lightning Spire   Summ/Air       #.......     100%        4    #####..
 Throw Icicle             Conj/Ice       #.......     100%        4    #####..
 Alistair's Intoxication  Tmut/Pois      #.......     100%        5    ######.
 Bolt of Draining         Conj/Necr      #.........   100%        5    ######.
 Bolt of Magma            Conj/Fire/Erth #.........   100%        5    ######.
 Borgnjor's Vile Clutch   Necr/Erth      #.........   100%        5    ######.
 Dispel Undead            Necr           #.......     100%        5    ######.
 Fireball                 Conj/Fire      #.........   100%        5    ######.
 Irradiate                Conj/Tmut      #.........   100%        5    ######.
 Iskenderun's Battlesphe  Conj/Chrm      #.......     100%        5    ######.
 Lee's Rapid Deconstruct  Erth           #.........   100%        5    ######.
 Venom Bolt               Conj/Pois      #.........   100%        5    ######.
 Yara's Violent Unravell  Hex/Tmut       #.........   100%        5    ######.
 Death Channel            Necr           #.........   100%        6    #######
 Hydra Form               Tmut           #.........   100%        6    #######
 Invisibility             Hex            #.......     100%        6    #######
 Iron Shot                Conj/Erth      #.........   100%        6    #######
 Simulacrum               Ice/Necr       #.........   100%        6    #######
 Statue Form              Tmut/Erth      #........    100%        6    #######
 Dragon Form              Tmut           #.........   100%        7    #######
 Orb of Destruction       Conj           #.........   100%        7    #######
 Spellforged Servitor     Conj/Summ      #.........   100%        7    #######


Dungeon Overview and Level Annotations

Branches:
Dungeon (15/15)            Temple (1/1) D:7            Lair (6/6) D:9
  Swamp (4/4) Lair:2        Snake (4/4) Lair:4        Slime (0/5) Lair:6
    Orc (2/2) D:10            Elf (3/3) Orc:2        Vaults (0/5) D:13
 Depths (1/5) D:15

Altars:
Ashenzari
Cheibriados
Dithmenos
Elyvilon
Fedhas
Gozag
Hepliaklqana
Kikubaaqudgha
Makhleb
Nemelex Xobeh
Okawaru
Qazlal
Ru
Sif Muna
Trog
Uskayaw
Vehumet
Wu Jian
Xom
Yredelemnul
Zin
The Shining One
Beogh

Shops:
D:5 (   D:6 :((*(   D:11 [   D:14 ?   Orc:2 *([*   Elf:1 :([   Snake:3 [?(
Depths:1 [?

Portals:
Bazaar: Depths:1

Annotations:
Lair:1 exclusion: 3 oklob plants
Lair:3 2 transporters, Renjy's ghost, journeyman DsSk
Swamp:4 Bai Suzhen; Lernaean hydra
Orc:1 3 runed translucent doors, grerr's ghost, journeyman DsAK
Elf:2 3 runed translucent doors


Message History

The juggernaut simulacrum freezes you!!!
The juggernaut simulacrum completely misses you.
You slash the juggernaut simulacrum!
The juggernaut simulacrum is lightly damaged.
The necromancer mumbles some strange words.
The necromancer binds the souls of nearby monsters.
The necromancer casts a spell.
The necromancer binds the souls of nearby monsters.
The necromancer gestures wildly while chanting.
The necromancer flickers and vanishes!
Deactivating autopickup; reactivate with Ctrl-A.
You slash the juggernaut simulacrum!
The juggernaut simulacrum is moderately damaged.
The juggernaut simulacrum hits you!!!
The juggernaut simulacrum freezes you!!!
* * * LOW HITPOINT WARNING * * *
The juggernaut simulacrum hits you!
* * * LOW HITPOINT WARNING * * *
The juggernaut simulacrum freezes you!!!
You die...

.# ###.# ########.# #.# .#
##...###......#.# #.#
.###..#.....#..#.#.# #.#
.##..###...###...#.# #.#
.##...#.....#....#.# #.#
###.#..........#.#.# #.#
.................#.#####....≈≈≈≈≈
#####...##.....###.....#'#.≈≈≈Z≈≈
......#.....#...@Z.....'∩'.≈≈...≈
####.###...###.####....#'#.#.....
##..#.....#..# #.##≈≈.≈≈#.....
#............####.##≈≈...#..∩..
###.#......#.#....#.#≈≈≈≈≈#≈.....
(##.#.#......≈≈......≈≈≈≈≈≈≈...
.##.#..).....≈≈.≈≈≈≈.≈≈≈≈≈≈≈≈..
.##.≈...........≈≈≈≈((.≈≈≈≈≈≈≈≈
.##≈≈..#####..≈≈###(≈≈..≈≈≈≈≈≈≈


You could see a juggernaut simulacrum.

Vanquished Creatures
  Saint Roka (Depths:1)
  Nikola (Depths:1)
  A mutant beast (WizLab)
  Jorgrun (D:14)
  Asterion (Snake:2)
  4 thorn hunters
  The ghost of Zeus21348 the Bludgeoner, an adept MiBe of Trog (Snake:4)
  Kirke (Snake:4)
  Donald (Snake:2)
  9 nagarajas
  2 frost giants (Depths:1)
  A balrug (Depths:1)
  Aizul (Snake:2)
  A deep elf sorcerer (Elf:3)
  6 very ugly things (WizLab)
  A deep elf demonologist (Elf:3)
  A deep elf annihilator (Orc:2)
  3 deep elf death magi
  A deep elf high priest (Elf:1)
  A fire dragon (D:15)
  A yaktaur captain (D:15)
  An ettin (D:15)
  2 great orbs of eyes (Depths:1)
  3 ice dragons
  3 ghost crabs
  4 catoblepae (Lair:6)
  22 anacondas
  16 naga warriors
  2 shambling mangroves
  The ghost of Thargor the Champion of Chaos, a novice DDFi of Makhleb (D:8)
  19 hydras
  4 centaur warriors
  10 dancing weapons
  2 deep troll earth magi
  13 alligators
  6 two-headed ogres
  4 tengu warriors
  A deep troll shaman (Depths:1)
  A vampire mage (Depths:1)
  11 death yaks
  8 orc high priests
  6 shock serpents
  A soul eater (Depths:1)
  An iron golem (WizLab)
  9 naga sharpshooters
  Nergalle (Orc:1)
  2 sun demons (Depths:1)
  7 deep elf knights
  2 iron trolls (Depths:1)
  2 sea snakes (Snake:4)
  A glowing orange brain (shapeshifter) (WizLab)
  8 swamp dragons
  2 unseen horrors
  4 skeletal warriors
  2 unseen horrors (shapeshifter) (WizLab)
  2 salamander mystics (Snake:3)
  5 deep trolls
  2 spriggan druids
  A harpy (shapeshifter) (Elf:1)
  A swamp dragon (shapeshifter) (WizLab)
  8 naga ritualists
  9 deep elf archers
  A lindwurm (shapeshifter) (Depths:1)
  Pikel (D:8)
  2 necromancers
  12 large abominations
  16 ugly things
  7 manticores
  7 mana vipers
  An orc sorcerer (Orc:1)
  A shining eye (shapeshifter) (WizLab)
  2 salamanders (shapeshifter) (WizLab)
  A cyclops (shapeshifter) (WizLab)
  6 cyclopes
  37 deep elf magi
  Maurice (D:9)
  11 salamanders
  40 black mambas
  14 guardian serpents
  15 naga magi
  2 smoke demons (Depths:1)
  9 elephants
  2 ice statues (IceCv)
  2 black mambas (shapeshifter) (WizLab)
  A gargoyle (D:14)
  19 spiny frogs
  4 kobold demonologists
  A spiny frog (shapeshifter) (WizLab)
  3 rime drakes
  A freezing wraith (D:14)
  4 ice devils (Depths:1)
  9 komodo dragons
  A yaktaur (D:15)
  2 efreet
  A queen bee (shapeshifter) (WizLab)
  The ghost of voshxx the Magician, a novice DEFE (D:5)
  A yaktaur (shapeshifter) (WizLab)
  A red devil (Depths:1)
  A troll (shapeshifter) (WizLab)
  9 trolls
  7 tyrant leeches
  2 jumping spiders (shapeshifter) (WizLab)
  A polar bear (shapeshifter) (D:14)
  A wind drake (shapeshifter) (WizLab)
  12 hornets
  A polar bear (Lair:6)
  A hornet (shapeshifter) (Depths:1)
  12 hippogriffs
  A hippogriff (shapeshifter) (WizLab)
  11 blink frogs
  9 bog bodies
  A blink frog (shapeshifter) (WizLab)
  23 slime creatures
  6 dream sheep (Lair:5)
  5 spriggans
  4 wraiths (D:8)
  A yak (shapeshifter) (Elf:2)
  4 spriggans (shapeshifter) (WizLab)
  9 water elementals
  30 yaks
  2 shadows (Swamp:2)
  2 tarantellas (shapeshifter) (WizLab)
  6 wyverns
  A human (shapeshifter) (WizLab)
  5 hogs (Snake:4)
  3 fire elementals
  A hog (shapeshifter) (D:14)
  2 hungry ghosts
  Grum (D:9)
  13 wargs
  19 vampire mosquitoes
  49 nagas
  14 swamp worms
  10 water moccasins
  24 insubstantial wisps
  2 soldier ants
  A soldier ant (shapeshifter) (WizLab)
  An acid dragon (D:13)
  4 floating eyes (WizLab)
  7 swamp drakes
  18 orc warriors
  An ice beast (shapeshifter) (D:14)
  9 porcupines
  2 phantoms
  3 eyes of draining
  19 ice beasts
  7 sky beasts
  A slave (D:8)
  A black bear (D:13)
  8 wolves
  An ogre (shapeshifter) (WizLab)
  18 ogres
  5 centaurs
  13 crocodiles
  3 elf zombies (Elf:1)
  4 big kobolds
  2 earth elementals
  6 small abominations (WizLab)
  14 bullfrogs
  A wyvern zombie (D:14)
  5 scorpions
  13 killer bees
  18 wights
  3 howler monkeys
  12 crimson imps
  5 lava snakes (Snake:4)
  2 quasits
  36 orc priests
  2 bullfrog skeletons
  8 centaur zombies
  9 hounds
  8 jellies
  Crazy Yiuf (D:5)
  4 gnoll shamans
  4 centaur skeletons
  15 iguanas
  36 orc wizards
  16 worker ants
  A yak simulacrum (Lair:4)
  4 polar bear simulacra (Lair:4)
  4 wolf simulacra (Lair:4)
  A hound zombie (D:9)
  2 hound skeletons (D:10)
  Robin (D:4)
  52 gnolls
  9 adders
  3 shadow imps
  7 white imps (Depths:1)
  5 oozes (D:9)
  5 adder skeletons
  A worm (D:3)
  2 dart slugs
  6 leopard geckos
  117 orcs
  8 bats
  4 giant cockroaches
  21 goblins
  7 hobgoblins
  30 jackals
  4 quokkas
  3 ball pythons
  2 frilled lizards
  31 kobolds
  2 quokka skeletons (D:7)
  A quokka zombie (D:5)
  6 rats
  2 river rat simulacra (Lair:4)
  3 briar patches (Swamp:1)
  2 fungi (Lair:5)
  3 plants
1488 creatures vanquished.

Vanquished Creatures (collateral kills)
  Mara (Depths:1)
  An orc warrior (Depths:1)
  A crimson imp (Depths:1)
3 creatures vanquished.

Vanquished Creatures (others)
  A naga sharpshooter (Snake:4)
  A human (Snake:4)
  A sky beast (D:8)
  An orc wizard (D:7)
  An orc (D:14)
  6 fungi
  53 plants
64 creatures vanquished.

Grand Total: 1555 creatures vanquished

Notes
Turn   | Place    | Note
-------+----------+-------------------------------------------
     0 | D:1      | Hanswurst the Hill Orc Gladiator began the quest for the
                  | Orb.
     0 | D:1      | Reached XP level 1. HP: 18/18 MP: 1/1
   153 | D:1      | Reached XP level 2. HP: 18/25 MP: 2/2
   562 | D:1      | Reached XP level 3. HP: 30/30 MP: 3/3
   948 | D:1      | Reached skill level 5 in Axes
  1072 | D:2      | Reached XP level 4. HP: 16/37 MP: 4/4
  1834 | D:2      | Reached skill level 6 in Axes
  2593 | D:3      | Reached skill level 1 in Armour
  2733 | D:2      | Reached XP level 5. HP: 8/45 MP: 5/5
  3274 | D:3      | Reached skill level 1 in Shields
  4266 | D:4      | Found an ancient bone altar of Kikubaaqudgha.
  4267 | D:4      | Found a glowing silver altar of Zin.
  4268 | D:4      | Found an iron altar of Okawaru.
  4270 | D:4      | Found a hazy altar of Hepliaklqana.
  4378 | D:4      | Reached XP level 6. HP: 40/51 MP: 6/6
  4720 | D:4      | Noticed Robin
  4727 | D:4      | Killed Robin
  4959 | D:4      | Reached skill level 7 in Axes
  5209 | D:5      | Entered Level 5 of the Dungeon
  5271 | D:5      | Reached XP level 7. HP: 59/59 MP: 7/7
  5273 | D:5      | Found Bautibe's Weapon Boutique.
  5597 | D:5      | Found a runed translucent door.
  5598 | D:5      | Noticed Crazy Yiuf
  5980 | D:5      | Found a runed translucent gate.
  5980 | D:5      | Found a runed translucent gate.
  5981 | D:5      | Found a runed translucent gate.
  5983 | D:5      | Noticed voshxx's ghost (novice DEFE)
  6009 | D:5      | Identified the cursed +1 hand axe of the End of Times
                  | {venom, rF+ Str+2}
  6009 | D:5      | Identified the +4 scale mail of the Lumpy Mice {Str+3}
  6052 | D:5      | Reached skill level 8 in Axes
  6062 | D:5      | Found a roughly hewn altar of Beogh.
  6777 | D:5      | Reached skill level 5 in Fighting
  6831 | D:5      | Reached XP level 8. HP: 47/68 MP: 8/8
  7205 | D:5      | Reached skill level 9 in Axes
  7421 | D:5      | Found a sacrificial altar of Ru.
  7828 | D:5      | Noticed a centaur warrior
  8682 | D:5      | Killed Crazy Yiuf
  8797 | D:6      | Found Loburese's Book Shoppe.
  9138 | D:6      | Got an ancient flail
  9200 | D:6      | Reached XP level 9. HP: 61/75 MP: 9/9
  9244 | D:6      | Identified the cursed +3 flail "Cuasec" {venom, Dex+3} (You
                  | found it on level 6 of the Dungeon)
  9315 | D:6      | Found Yrhovass's Weapon Shoppe.
  9321 | D:6      | Found Cowe's General Store.
  9328 | D:6      | Reached skill level 10 in Axes
  9431 | D:6      | Bought a scroll of teleportation for 39 gold pieces
  9440 | D:6      | Found Mumem Veixull's Weapon Shop.
  9579 | D:6      | Found Bajitule's Weapon Shop.
  9612 | D:6      | Reached skill level 5 in Armour
  9735 | D:7      | Reached skill level 5 in Shields
  9869 | D:7      | Found a staircase to the Ecumenical Temple.
 11037 | Temple   | Entered the Ecumenical Temple
 11094 | Temple   | Became a worshipper of the Wu Jian Council
 11353 | D:8      | Found a glowing golden altar of the Shining One.
 11397 | D:8      | Reached skill level 11 in Axes
 12118 | D:8      | Found a deep blue altar of Sif Muna.
 12200 | D:8      | Reached * piety under Wu Jian
 12202 | D:8      | Noticed Pikel
 12394 | D:8      | Reached XP level 10. HP: 84/84 MP: 10/10
 12684 | D:8      | Killed Pikel
 12729 | D:8      | Found a runed translucent gate.
 12731 | D:8      | Found a runed translucent gate.
 12732 | D:8      | Found a runed translucent gate.
 12734 | D:8      | Noticed Thargor's ghost (novice DDFi)
 12757 | D:8      | Found a shimmering altar of Xom.
 13038 | D:9      | Reached skill level 1 in Maces & Flails
 13087 | D:9      | Found a shimmering altar of Xom.
 13165 | D:9      | Reached skill level 12 in Axes
 13199 | D:9      | Found a staircase to the Lair.
 13582 | D:9      | Reached ** piety under Wu Jian
 14064 | D:9      | Noticed Grum
 14603 | D:9      | Killed Grum
 14709 | D:9      | Noticed Maurice
 14950 | D:9      | Found a white marble altar of Elyvilon.
 15524 | D:10     | Entered Level 10 of the Dungeon
 15553 | D:10     | Found a staircase to the Orcish Mines.
 15636 | D:9      | Reached XP level 11. HP: 66/94 MP: 11/11
 15958 | D:10     | Reached skill level 13 in Axes
 15969 | D:10     | Found an iron altar of Okawaru.
 16190 | D:10     | Reached *** piety under Wu Jian
 16766 | D:10     | Noticed a two-headed ogre
 16780 | D:10     | You fall through a shaft for 2 floors!
 16812 | D:12     | Noticed a cyan ugly thing
 16818 | D:12     | Noticed a cyclops
 16856 | D:11     | Noticed a cyclops
 17274 | D:9      | Killed Maurice
 17502 | D:10     | Killed a two-headed ogre
 18374 | D:6      | Bought the +2 broad axe "Jookatehe" {vamp, rN+ Str+3} for
                  | 434 gold pieces
 18388 | D:6      | Bought a scroll of fog for 26 gold pieces
 18404 | D:6      | Bought a throwing net for 30 gold pieces
 18450 | D:5      | Bought a throwing net for 42 gold pieces
 18587 | Lair:1   | Entered Level 1 of the Lair of Beasts
 18770 | Lair:1   | Noticed an oklob plant
 18770 | Lair:1   | Noticed an oklob plant
 19068 | Lair:1   | Reached **** piety under Wu Jian
 19286 | Lair:1   | Reached skill level 14 in Axes
 19903 | Lair:1   | Noticed an oklob plant
 20190 | Lair:2   | Reached XP level 12. HP: 106/106 MP: 12/12
 20434 | Lair:2   | Reached skill level 10 in Shields
 20438 | Lair:2   | Reached skill level 10 in Fighting
 20558 | Lair:2   | Noticed a seven-headed hydra
 20806 | Orc:1    | Entered Level 1 of the Orcish Mines
 20977 | Orc:1    | Found a runed translucent gate.
 20977 | Orc:1    | Found a runed translucent gate.
 20977 | Orc:1    | Found a runed translucent gate.
 20994 | Orc:1    | Noticed an ogre mage
 20994 | Orc:1    | Noticed grerr's ghost (journeyman DsAK)
 21140 | Orc:2    | Entered Level 2 of the Orcish Mines
 21141 | Orc:2    | Noticed a two-headed ogre
 21595 | Orc:1    | Killed a two-headed ogre
 21595 | Orc:1    | Reached skill level 15 in Axes
 21595 | Orc:1    | Reached skill level 1 in Stealth
 21616 | Orc:2    | Found a staircase to the Elven Halls.
 21622 | Orc:2    | Noticed an orc high priest
 21632 | Orc:2    | Noticed a soul eater
 21635 | Orc:2    | Killed an orc high priest
 21637 | Orc:2    | Noticed an orc high priest
 21786 | Orc:2    | Killed an orc high priest
 21791 | Orc:2    | Reached ***** piety under Wu Jian
 21977 | Orc:2    | Noticed an orc high priest
 22011 | Orc:2    | Killed an orc high priest
 22109 | Orc:2    | Found a roughly hewn altar of Beogh.
 22231 | Orc:2    | Found Leoler's General Store.
 22294 | Orc:2    | Found Fieteo's Antique Weapon Boutique.
 22294 | Orc:2    | Noticed an orc high priest
 22312 | Orc:2    | Killed an orc high priest
 22354 | Orc:2    | Found Yjyett's Antique Armour Shoppe.
 22354 | Orc:2    | Noticed an orc high priest
 22354 | Orc:2    | Noticed an orc high priest
 22364 | Orc:2    | Noticed an orc high priest
 22365 | Orc:2    | Killed an orc high priest
 22365 | Orc:2    | Reached skill level 16 in Axes
 22381 | Orc:2    | Killed an orc high priest
 22381 | Orc:2    | Reached XP level 13. HP: 86/116 MP: 13/13
 22384 | Orc:2    | Found Guxeufu's General Store.
 22439 | Orc:2    | Bought a scroll of magic mapping for 49 gold pieces
 22607 | Orc:1    | Noticed Nergalle
 22757 | Orc:1    | Killed Nergalle
 22928 | Elf:1    | Entered Level 1 of the Elven Halls
 23234 | Elf:1    | Found Zuqodu's Antique Armour Shop.
 23236 | Elf:1    | Found Xiogh's Weapon Boutique.
 23238 | Elf:1    | Found Yguom's Book Shop.
 23252 | Elf:1    | Bought a pair of runed gloves for 180 gold pieces
 23278 | Elf:1    | Noticed a deep elf high priest
 23283 | Elf:1    | Noticed a deep elf death mage
 23286 | Elf:1    | Killed a deep elf high priest
 23286 | Elf:1    | Reached skill level 17 in Axes
 23295 | Elf:1    | Killed a deep elf death mage
 23317 | Elf:1    | Killed a ghostly deep elf death mage
 23365 | Elf:1    | Reached skill level 10 in Armour
 23738 | Elf:1    | Found an ancient bone altar of Kikubaaqudgha.
 24401 | Elf:1    | Reached skill level 1 in Evocations
 24852 | Elf:1    | Noticed a deep elf annihilator
 25221 | Orc:2    | Killed a deep elf annihilator
 25413 | Elf:1    | Noticed a deep elf death mage
 25438 | Elf:1    | Killed a deep elf death mage
 25438 | Elf:1    | Reached skill level 18 in Axes
 25438 | Elf:1    | Reached XP level 14. HP: 109/126 MP: 14/14
 26410 | Elf:1    | Identified the Tome of Evil Arts
 27049 | Elf:2    | Reached ****** piety under Wu Jian
 27268 | Elf:2    | Found a runed translucent gate.
 27707 | D:5      | Killed voshxx's ghost
 27875 | D:8      | Killed Thargor's ghost
 28240 | Elf:2    | Found an ancient bone altar of Kikubaaqudgha.
 29002 | Elf:2    | Found a runed translucent gate.
 29006 | Elf:2    | Found a runed translucent gate.
 29266 | Elf:3    | Entered Level 3 of the Elven Halls
 30306 | Elf:3    | Noticed a deep elf annihilator
 30307 | Elf:3    | Noticed a deep elf sorcerer
 30308 | Elf:3    | Noticed a deep elf annihilator
 30402 | Elf:3    | Reached XP level 15. HP: 130/136 MP: 15/15
 30425 | Elf:3    | Killed a deep elf sorcerer
 30539 | Elf:3    | Identified the ring of the Trilobite {*Drain rN+ Str+5}
 30539 | Elf:3    | Noticed a deep elf blademaster
 30586 | Elf:3    | Noticed a Tzitzimitl
 30970 | D:11     | Reached skill level 19 in Axes
 31077 | D:11     | Got an iridescent rapier
 31747 | D:11     | Found Jugg's Armour Shoppe.
 32303 | D:12     | Found a blossoming altar of Fedhas.
 32696 | Lair:2   | Found a staircase to the Swamp.
 33701 | Lair:3   | Found a transporter.
 33703 | Lair:3   | Noticed Renjy's ghost (journeyman DsSk)
 33725 | Lair:3   | Found a transporter.
 33761 | Lair:3   | Got a heavily runed plate armour
 34089 | Lair:3   | Identified the cursed +1 plate armour "Befodur" {rF+ rC-
                  | rCorr} (You found it on level 3 of the Lair of Beasts)
 34868 | Lair:4   | Found a staircase to the Snake Pit.
 35347 | Lair:5   | Found a frozen archway.
 35425 | IceCv    | Entered an ice cave
 37706 | Lair:6   | Entered Level 6 of the Lair of Beasts
 38193 | Lair:6   | Reached XP level 16. HP: 128/147 MP: 16/16
 38612 | Lair:6   | Found a staircase to the Slime Pits.
 38842 | Lair:6   | Reached skill level 15 in Fighting
 39316 | Lair:6   | Reached skill level 20 in Axes
 39785 | Swamp:1  | Entered Level 1 of the Swamp
 40174 | Swamp:1  | Noticed a thorn hunter
 40193 | Swamp:1  | Killed a thorn hunter
 41028 | D:9      | Identified a scroll of acquirement
 41138 | D:9      | Got a pair of heavily runed boots
 41149 | D:9      | Identified the +0 pair of boots of the Everdark {Dex+7
                  | Stlth-} (You acquired it on level 9 of the Dungeon)
 41219 | Orc:2    | Bought a potion of cancellation for 112 gold pieces
 41219 | Orc:2    | Bought a scroll of enchant weapon for 105 gold pieces
 41878 | D:13     | Identified the amulet "Caom" {Acrobat rF- Str+2 Dex+6}
 42324 | D:13     | Found a gate to the Vaults.
 42705 | D:14     | You fall through a shaft!
 42705 | D:15     | Entered Level 15 of the Dungeon
 42932 | D:14     | Noticed Jorgrun
 42934 | D:14     | Found Guann's Magic Scroll Shop.
 42941 | D:14     | Killed Jorgrun
 42941 | D:14     | Reached skill level 15 in Shields
 43063 | D:14     | Bought a scroll of acquirement for 832 gold pieces
 43252 | D:14     | Reached XP level 17. HP: 153/158 MP: 18/18
 43876 | D:15     | Identified the cursed +0 chain mail "Ymics" {rC+ Slay+4}
 44542 | D:15     | Found a staircase to the Depths.
 44574 | Depths:1 | Entered Level 1 of the Depths
 44603 | D:15     | Reached skill level 21 in Axes
 44787 | Depths:1 | Found Wauro's Armour Shoppe.
 44831 | Depths:1 | Noticed Saint Roka
 44859 | Depths:1 | Killed Saint Roka
 44881 | Depths:1 | Found a magical portal.
 44904 | Depths:1 | Noticed Nikola
 44912 | WizLab   | Entered Cigotuvi's Fleshworks
 45405 | WizLab   | Paralysed by a floating eye for 3 turns
 45411 | WizLab   | Paralysed by a floating eye for 3 turns
 45417 | WizLab   | Paralysed by a floating eye for 2 turns
 45422 | WizLab   | Paralysed by a floating eye for 3 turns
 45426 | WizLab   | Paralysed by a floating eye for 4 turns
 45436 | WizLab   | Paralysed by a floating eye for 4 turns
 45509 | WizLab   | Paralysed by a floating eye for 3 turns
 45517 | WizLab   | Paralysed by a floating eye for 2 turns
 45581 | WizLab   | Got a steaming bone ring
 45599 | WizLab   | Identified the ring of Hospitality {rF+ Int+4 Stlth+} (You
                  | found it in a wizard's laboratory)
 46303 | WizLab   | Noticed Cigotuvi's Monster
 46674 | WizLab   | Killed Cigotuvi's Monster
 46801 | WizLab   | Identified the Handbook of Transmigration
 46803 | WizLab   | Identified Cigotuvi's Reference Book on Sinister
                  | Transmutation
 47022 | Depths:1 | Found a gateway to a bazaar.
 47025 | Depths:1 | Killed Nikola
 47025 | Depths:1 | Reached XP level 18. HP: 167/171 MP: 19/19
 47550 | Swamp:2  | Paralysed by a hornet for 3 turns
 48745 | Swamp:3  | Reached skill level 22 in Axes
 49590 | Swamp:4  | Entered Level 4 of the Swamp
 50379 | Swamp:4  | Reached skill level 5 in Throwing
 50735 | Swamp:4  | Noticed Bai Suzhen
 52166 | Swamp:4  | Noticed the 27-headed Lernaean hydra
 52601 | D:15     | Reached skill level 15 in Armour
 52730 | Depths:1 | Reached skill level 5 in Dodging
 52921 | Depths:1 | Reached XP level 19. HP: 181/181 MP: 21/21
 53047 | Depths:1 | Noticed Mara
 53073 | Depths:1 | Noticed Hanswurst's illusion
 53413 | Snake:1  | Entered Level 1 of the Snake Pit
 54247 | Snake:1  | Noticed Aizul
 55103 | Snake:2  | Noticed Asterion
 55135 | Snake:2  | Killed Asterion
 55414 | Snake:2  | Killed Aizul
 55883 | Snake:2  | Noticed Donald
 55981 | Snake:2  | Killed Donald
 57564 | Snake:3  | Found Ytiysil's Magic Scroll Shoppe.
 57782 | Snake:3  | Found Ryunku's Armour Shop.
 57816 | Snake:3  | Found Pusiagg's Antique Weapon Emporium.
 58437 | Snake:4  | Entered Level 4 of the Snake Pit
 58615 | Snake:4  | Noticed Kirke
 58633 | Snake:4  | Killed Kirke
 58727 | Snake:4  | Identified the +7 hand crossbow of Vynn {penet, rElec rN+
                  | Int-5 Dex+2}
 58821 | Snake:4  | Reached skill level 23 in Axes
 58872 | Snake:4  | Found a runed translucent door.
 58874 | Snake:4  | Noticed Zeus21348's ghost (adept MiBe)
 59033 | Snake:4  | Killed Zeus21348's ghost
 59771 | Snake:4  | Reached XP level 20. HP: 181/192 MP: 22/22
 61742 | Snake:4  | Got a serpentine rune of Zot
 62544 | Depths:1 | Noticed Hanswurst's illusion
 62549 | Depths:1 | Killed Mara
 62554 | Depths:1 | Identified the +3 hunting sling of Fumm {freeze, +Blink rF+
                  | Dex+3}
 62567 | Depths:1 | Identified the +6 morningstar "Rummage" {crush, Str+4
                  | Dex+2}
 63201 | Depths:1 | Found Zotiy's Magic Scroll Emporium.
 63566 | Depths:1 | Identified the cursed +1 leather armour of Trog's
                  | Generosity {Slay+4}
 63600 | Depths:1 | Demolished by a juggernaut simulacrum

Skill      XL: |  1  2  3  4  5  6  7  8  9 10 11 12 13 14 15 16 17 18 19 20 |
---------------+-------------------------------------------------------------+-----
Axes           | 5 6 7 8 9 11 12 14 16 18 19 20 21 22 23 | 23.6
Fighting       | 3 4 5 6 8 9 11 12 13 14 16 17 18 19 20 | 20.2
Armour         | 1 2 3 4 6 7 8 9 10 12 13 14 15 16 | 16.0
Shields        | 1 2 3 4 6 8 9 10 11 12 13 15 16 17 18 | 18.1
Throwing       | 2 3 4 5 6 |  6.5
Dodging        | 3 4 5 |  5.8
Maces & Flails | 1 2 |  2.4
Stealth        | 1 2 3 4 |  4.0
Evocations     | 1 2 3 |  3.1
Long Blades    | |  0.5

Action                   |  1- 3 |  4- 6 |  7- 9 | 10-12 | 13-15 | 16-18 | 19-21 || total
-------------------------+-------+-------+-------+-------+-------+-------+-------++-------
Melee: War axe           |    87 |   179 |       |       |       |       |       ||   266
       Hand axe          |       |   150 |   870 |   922 |   434 |       |       ||  2376
       Whip              |       |       |     4 |       |       |       |       ||     4
       Flail             |       |       |       |    15 |    19 |       |       ||    34
       Broad axe         |       |       |       |   337 |  1213 |  2169 |  1396 ||  5115
       Scimitar          |       |       |       |       |    29 |       |       ||    29
Throw: Javelin           |       |    14 |    44 |    26 |       |       |       ||    84
       Throwing net      |       |       |     2 |       |     6 |     2 |       ||    10
       Tomahawk          |       |       |       |    42 |       |    43 |    82 ||   167
Invok: Whirlwind         |       |       |    15 |   253 |   243 |   448 |   319 ||  1278
       Lunge             |       |       |     7 |    43 |    66 |    69 |    63 ||   248
 Abil: Wall Jump         |       |       |       |    16 |    22 |    29 |    44 ||   111
Evoke: Wand              |       |       |       |    11 |     1 |    15 |     3 ||    30
       Lightning rod     |       |       |       |     1 |     3 |     3 |       ||     7
       Sack of spiders   |       |       |       |       |       |     2 |       ||     2
       Phial of floods   |       |       |       |       |       |     1 |     1 ||     2
       Phantom mirror    |       |       |       |       |       |     1 |       ||     1
  Use: Potion            |       |     3 |     3 |     5 |     4 |     9 |     1 ||    25
       Scroll            |       |     1 |     4 |    20 |    14 |    12 |     3 ||    54
 Stab: Held in net/web   |       |       |     1 |       |     5 |     5 |       ||    11
       Petrified         |       |       |       |       |       |     7 |       ||     7
       Paralysed         |       |       |       |       |       |     6 |       ||     6
  Eat: Chunk             |     1 |    13 |    24 |    28 |    50 |    27 |    12 ||   155
       Ration            |       |       |       |     3 |     2 |     7 |     7 ||    19
Armor: Leather armour    |    14 |       |       |       |       |       |       ||    14
       Plate armour      |    21 |       |   221 |   241 |   439 |   844 |    70 ||  1836
       Scale mail        |     3 |    91 |       |       |       |       |       ||    94
       Chain mail        |       |    45 |   117 |   122 |    70 |   170 |   199 ||   723
Dodge: Dodged            |    48 |    75 |   209 |   385 |   516 |  1349 |   672 ||  3254
Block: Shield            |    12 |   136 |   402 |   561 |   686 |   323 |   610 ||  2730
       Buckler           |       |       |       |       |       |   621 |   141 ||   762
       Reflection        |       |       |       |       |       |       |    68 ||    68
       Rpst.: Scimitar   |       |       |       |       |     3 |       |       ||     3
